 Dungeon Crawl Stone Soup version 0.20.1-1-g8b1a95d (webtiles) character file.

158 mopl the Cudgeler (level 5, -4/42 HPs)
             Began as a Formicid Wanderer on Aug 30, 2017.
             Slain by Crazy Yiuf
             ... wielding a +2 quarterstaff of chaos
              (10 damage)
             ... on level 2 of the Dungeon on Sept 1, 2017.
             The game lasted 00:03:24 (2805 turns).

mopl the Cudgeler (Formicid Wanderer)               Turns: 2805, Time: 00:03:25

Health: -4/42      AC:  5    Str: 19    XL:     5   Next: 66%
Magic:  5/5        EV: 10    Int: 10    God:
Gold:   77         SH:  0    Dex: 10    Spells: 4/4 levels left

rFire    . . .     SeeInvis +   s - +1 short sword (venom)
rCold    . . .     Gourm    .   (no shield)
rNeg     . . .     Faith    .   u - +0 ring mail
rPois    .         Spirit   .   (helmet unavailable)
rElec    .         Reflect  .   (no cloak)
rCorr    .         Harm     .   (no gloves)
MR       .....                  (no boots)
Stlth    ..........             (no amulet)
Regen    0.2/turn               (no ring)
MPRegen  0.1/turn               (no ring)

@: no status effects
A: permanent stasis, dig shafts and tunnels, four strong arms, antennae 3
a: Dig, Shaft Self


You were on level 2 of the Dungeon.
You were very hungry.

You visited 1 branch of the dungeon, and saw 2 of its levels.

You collected 77 gold pieces.

Inventory:

Hand Weapons
 a - a +0 hand axe
 b - a +0 blowgun
 c - a +2 mace
 s - a +1 short sword of venom (weapon)
Missiles
 m - 7 curare-tipped needles
 n - 9 poisoned needles
Armour
 u - a +0 ring mail (worn)
Scrolls
 h - a scroll of noise {unknown}
 j - 2 scrolls of teleportation {unknown}
 k - 2 scrolls of remove curse {unknown}
 o - 4 scrolls of identify {unknown}
 t - 2 scrolls of amnesia {unknown}
Potions
 e - 2 potions of haste {unknown}
 f - a potion of agility {unknown}
 g - 2 potions of heal wounds
 i - a potion of brilliance {unknown}
 p - a potion of curing
 r - a potion of magic {unknown}
Comestibles
 d - 5 bread rations
 l - 4 fruits


   Skills:
 + Level 3.8 Fighting
 * Level 2.8(3.8) Axes
 - Level 4.0(4.4) Maces & Flails
 - Level 1.0 Throwing
 + Level 3.7 Armour
   Level 1.1 Evocations


You had 4 spell levels left.
You didn't know any spells.

Dungeon Overview and Level Annotations

Branches:
Dungeon (2/15)

Altars:
Okawaru
Uskayaw

Annotations:
D:2 Crazy Yiuf


Innate Abilities, Weirdness & Mutations

You cannot be hasted, slowed, berserked, paralysed or teleported.
You can dig through walls and to a lower floor.
Your four strong arms can wield two-handed weapons with a shield.
You have a pair of large antennae on your head. (SInv)


Message History

Crazy Yiuf freezes you.
You closely miss Crazy Yiuf.
Crazy Yiuf is lightly wounded.
Natasha barely misses you.
Crazy Yiuf hits you with a quarterstaff of chaos.
You hit Natasha.
You kill Natasha!
You feel Natasha's spirit has finally been put to rest.
Crazy Yiuf hits you with a quarterstaff of chaos.
* * * LOW HITPOINT WARNING * * *
Crazy Yiuf freezes you.
* * * LOW HITPOINT WARNING * * *
You hit Crazy Yiuf but do no damage.
Crazy Yiuf is lightly wounded.
Crazy Yiuf hits you with a quarterstaff of chaos.
* * * LOW HITPOINT WARNING * * *
You completely miss Crazy Yiuf.
Crazy Yiuf is lightly wounded.
Crazy Yiuf hits you but does no damage.
You are electrocuted!
You die...

# #.# ###....### # #.#
#)).PPP))# # #.#
#)))P.)))# # #.#
#####))))))))#
#####.###).#)))))))))#
...........#)))))))))#
####.####..#)))))))))#
#.# ####)))))))))# #.#
#))##@##)##
###.#######))#)g)#)#
##.#.......#))#)))# )
#......#####) #).)# )#
##.##### ##### #.# #.#
### ####### #.# #.#
#.....# #.#### #.#
#.#####


You could see Crazy Yiuf.

Vanquished Creatures
  Natasha (thrice) (D:2)
  An adder (D:2)
  An ooze (D:2)
  2 worms (D:2)
  3 dart slugs
  A leopard gecko (D:1)
  2 ball pythons (D:1)
  4 giant cockroaches
  2 goblins
  10 hobgoblins
  4 jackals (D:2)
  9 bats
  6 frilled lizards
  7 kobolds
  6 rats
61 creatures vanquished.

Notes
Turn   | Place    | Note
-------+----------+-------------------------------------------
     0 | D:1      | mopl the Formicid Wanderer began the quest for the Orb.
     0 | D:1      | mopl set off with: a +2 mace, 2 potions of curing, a +0 robe, a bread ration
     0 | D:1      | Reached XP level 1. HP: 16/16 MP: 1/1
    37 | D:1      | Reached XP level 2. HP: 14/23 MP: 2/2
   335 | D:1      | Reached skill level 3 in Fighting
   343 | D:1      | Reached XP level 3. HP: 16/29 MP: 3/3
   539 | D:1      | Reached skill level 3 in Armour
   988 | D:1      | Reached skill level 1 in Axes
  1044 | D:2      | Reached XP level 4. HP: 13/35 MP: 4/4
  2230 | D:2      | Found an iron altar of Okawaru.
  2260 | D:2      | Noticed Natasha
  2271 | D:2      | Killed Natasha
  2271 | D:2      | Reached skill level 2 in Axes
  2271 | D:2      | Reached XP level 5. HP: 27/41 MP: 5/5
  2333 | D:2      | Noticed Natasha
  2339 | D:2      | Killed Natasha
  2505 | D:2      | Noticed a dagger
  2505 | D:2      | Noticed a hand axe
  2506 | D:2      | Found a hide-covered altar of Uskayaw.
  2788 | D:2      | Found a runed door.
  2795 | D:2      | Noticed Natasha
  2795 | D:2      | Noticed Crazy Yiuf
  2803 | D:2      | Killed Natasha
  2805 | D:2      | Slain by Crazy Yiuf

Skill      XL: |  1  2  3  4 |
---------------+-------------+-----
Fighting       | 3 |  3.8
Armour         | 3 |  3.7
Axes           | 1 2 |  2.8
Maces & Flails | |  4.0
Throwing       | |  1.0
Evocations     | |  1.1

Action                   |  1- 3 |  4- 6 || total
-------------------------+-------+-------++-------
Melee: Mace              |    55 |       ||    55
       Hand axe          |    62 |    95 ||   157
       Short sword       |       |    37 ||    37
  Use: Potion            |       |     1 ||     1
  Eat: Chunk             |     1 |     4 ||     5
Armor: Robe              |     7 |       ||     7
       Leather armour    |    32 |    39 ||    71
       Ring mail         |       |     2 ||     2
Dodge: Dodged            |    84 |    90 ||   174
